 Dungeon Crawl Stone Soup version 0.22.0-16-gc6d26f6 (webtiles) character file.

385 Lew the Skirmisher (level 6, -3/33 HPs)
             Began as a Vine Stalker Fighter on Aug 17, 2018.
             Slain by a gnoll
             ... wielding a +0 spear
              (4 damage)
             ... on level 3 of the Dungeon.
             The game lasted 00:06:57 (2183 turns).

Lew the Skirmisher (Vine Stalker Fighter)           Turns: 2183, Time: 00:07:00

Health: -3/33      AC:  9    Str: 19    XL:     6   Next: 77%
Magic:  0/7        EV:  5    Int:  8    God:
Gold:   182        SH:  9    Dex: 15    Spells: 5/5 levels left

rFire    . . .     SeeInvis .   a - +0 war axe
rCold    . . .     Gourm    .   c - +0 shield
rNeg     . . .     Faith    .   o - +0 chain mail
rPois    .         Spirit   +   (no helmet)
rElec    .         Reflect  .   (no cloak)
rCorr    .         Harm     .   (no gloves)
MR       .....                  (no boots)
Stlth    ..........             (no amulet)
HPRegen  0.51/turn              h - +2 ring of slaying
MPRegen  0.10/turn              (no ring)

@: no status effects
A: fangs 2, regeneration 1, magic shield, antimagic bite, no potion heal 3, rot
immunity
a: no special abilities


You were on level 3 of the Dungeon.
You were not hungry.

You visited 1 branch of the dungeon, and saw 3 of its levels.

You collected 182 gold pieces.

Inventory:

Hand Weapons
 a - a +0 war axe (weapon)
Armour
 c - a +0 shield (worn)
 o - a +0 chain mail (worn)
Jewellery
 h - a +2 ring of slaying (left hand)
Scrolls
 b - a scroll of identify
 j - a scroll of blinking
 m - a scroll of enchant armour
 n - 2 scrolls of enchant weapon
Potions
 e - a potion of ambrosia
 g - 3 potions of curing
 i - 2 potions of flight
Comestibles
 f - 6 rations


   Skills:
 + Level 3.8 Fighting
 + Level 3.1 Axes
 + Level 3.4 Armour
 + Level 3.6 Stealth
 + Level 3.8 Shields


You had 5 spell levels left.
You didn't know any spells.
Your spell library was empty.

Dungeon Overview and Level Annotations

Branches:
Dungeon (3/15)

Altars:
Wu Jian


Innate Abilities, Weirdness & Mutations

You have extremely sharp teeth.
Your natural rate of healing is unusually fast.
When hurt, damage is shared between your health and your magic reserves.
Your bite disrupts and absorbs the magic of your enemies.
Potions cannot restore your health.
You are immune to rotting.


Message History

You closely miss the hobgoblin. You block the gnoll's attack.
The hobgoblin hits you but does no damage.
You closely miss the hobgoblin.
The hobgoblin is severely wounded.
The gnoll hits you but does no damage. The hobgoblin hits you with a club.
* * * LOW HITPOINT WARNING * * *
The gnoll barely misses you.
You hit the hobgoblin.
The hobgoblin is almost dead.
You block the hobgoblin's attack.
The gnoll hits you from afar with a spear!
* * * LOW HITPOINT WARNING * * *
The hobgoblin hits you but does no damage.
You slash the hobgoblin!
You kill the hobgoblin!
The kobold throws a stone.
The stone hits you but does no damage. The gnoll hits you but does no damage.
The gnoll hits you with a whip.
* * * LOW HITPOINT WARNING * * *
The gnoll hits you from afar with a spear.
You die...

≈≈≈≈≈≈≈≈≈≈≈≈≈≈≈≈≈≈≈≈****
≈≈≈≈≈≈≈≈≈≈≈≈≈≈#####≈≈≈≈**
####***########...#≈≈≈≈≈*
...## ##......#...#≈≈≈≈≈*
....###.......#...#≈≈≈≈≈**
.....#........##'#*≈≈≈≈≈≈*
.....#....((.....#≈≈≈≈≈≈≈*
....('((((.).....#≈≈≈≈≈≈≈*
....(#.....)...)@#≈≈≈≈≈≈≈**
.....#........##g#*≈≈≈≈≈≈≈*
....###.......#KKg#≈≈≈≈≈≈≈#
...## ##......#$$$#≈≈≈≈≈≈≈#
###############$$$#≈≈≈≈≈≈≈#
≈≈≈≈≈≈≈≈≈≈≈≈≈≈#####≈≈≈≈≈≈≈#
≈≈≈≈≈≈≈≈≈≈≈≈≈≈≈≈≈≈≈≈≈≈≈≈≈≈#
≈≈≈≈≈≈≈≈≈≈≈≈≈≈≈≈≈≈≈≈≈≈≈≈≈≈#
≈≈≈..≈.≈≈...≈≈≈≈.≈..≈≈≈≈≈≈#


You could see 2 gnolls and 2 kobolds.

Vanquished Creatures
  4 big kobolds (D:3)
  A gnoll (D:3)
  An adder (D:3)
  An ooze (D:1)
  A dart slug (D:2)
  2 leopard geckos
  2 orcs (D:3)
  2 ball pythons (D:1)
  2 giant cockroaches
  11 goblins
  7 hobgoblins
  4 jackals (D:1)
  10 bats
  3 frilled lizards
  25 kobolds
  4 rats (D:1)
80 creatures vanquished.

Notes
Turn   | Place    | Note
-------+----------+-------------------------------------------
     0 | D:1      | Lew the Vine Stalker Fighter began the quest for the Orb.
     0 | D:1      | Reached XP level 1. HP: 11/11 MP: 2/2
    54 | D:1      | Reached XP level 2. HP: 16/16 MP: 3/3
   125 | D:1      | Reached skill level 1 in Stealth
   236 | D:1      | Reached XP level 3. HP: 18/19 MP: 4/4
   917 | D:2      | Found an ornate altar of the Wu Jian Council.
  1531 | D:3      | Gained mutation: Your natural rate of healing is unusually fast. [Vine Stalker growth]
  1531 | D:3      | Reached XP level 4. HP: 24/24 MP: 5/5
  2084 | D:3      | Noticed a big kobold
  2085 | D:3      | Noticed a big kobold
  2092 | D:3      | Killed a big kobold
  2092 | D:3      | Reached XP level 5. HP: 28/28 MP: 6/6
  2097 | D:3      | Killed a big kobold
  2097 | D:3      | Reached XP level 6. HP: 31/32 MP: 5/7
  2183 | D:3      | HP: 1/33 [gnoll/whip (4)]
  2183 | D:3      | Slain by a gnoll

Skill      XL: |  1  2  3  4  5  6 |
---------------+-------------------+-----
Axes           | 2 3 |  3.1
Stealth        | 1 2 3 |  3.6
Fighting       | 3 |  3.8
Shields        | 3 |  3.8
Armour         | 3 |  3.4

Action                   |  1- 3 |  4- 6 || total
-------------------------+-------+-------++-------
Melee: War axe           |    71 |    79 ||   150
       Bite              |    13 |    25 ||    38
  Use: Scroll            |     1 |     6 ||     7
       Potion            |       |     1 ||     1
  Eat: Chunk             |     2 |     1 ||     3
       Ration            |       |     1 ||     1
Armor: Scale mail        |    19 |       ||    19
       Chain mail        |     1 |    58 ||    59
Dodge: Dodged            |    24 |    22 ||    46
Block: Shield            |    35 |    74 ||   109
